 Dungeon Crawl Stone Soup version 0.17.0-22-g5edae84 (webtiles) character file.

2928 Jaden271 the Grappler (level 9, -7/132 HPs)
             Began as a Troll Berserker on Nov 12, 2015.
             Was an Elder of Trog.
             Mangled by a killer bee (8 damage)
             ... on level 7 of the Dungeon.
             The game lasted 00:33:52 (6352 turns).

Jaden271 the Grappler (Troll Berserker)             Turns: 6352, Time: 00:33:52

Health: -7/132     AC:  7    Str: 34    XL:     9   Next: 50%
Magic:  8/8        EV: 13    Int:  3    God:    Trog [****..]
Gold:   369        SH:  0    Dex: 13    Spells: 0 memorised, 8 levels left

rFire  . . .     SeeInvis .       - Unarmed
rCold  . . .     Clarity  .     s - +0 robe
rNeg   . . .     SustAt   .     (no shield)
rPois  .         Gourm    +     (helmet restricted)
rElec  .         Spirit   .     u - +1 cloak
rCorr  .         Warding  .     (gloves unavailable)
rMut   .         Stasis   .     (boots unavailable)
MR     ++...                    (no amulet)
Stlth  ..........               (no ring)
                                l - +3 ring of dexterity

@: berserking, lethally poisoned (-7 -> -12), regenerating, very quick, very
resistant to hostile enchantments, extremely unstealthy
A: unfitting armour, claws 3, fast metabolism 3, gourmand, regeneration 2,
shaggy fur 1, tough skin 2
a: Berserk, Trog's Hand, Brothers in Arms, Burn Spellbooks, Renounce Religion


You were on level 7 of the Dungeon.
You worshipped Trog.
Trog was greatly pleased with you.
You were full.

You visited 1 branch of the dungeon, and saw 7 of its levels.

You collected 369 gold pieces.

Inventory:

Armour
 s - a +0 robe (worn)
 u - a +1 cloak (worn)
Jewellery
 d - a +3 ring of intelligence
 e - an uncursed amulet of stasis
 l - a +3 ring of dexterity (left claw)
Wands
 i - a wand of draining (5)
 y - a wand of confusion (48)
Scrolls
 j - 3 scrolls of magic mapping
 k - 6 scrolls of identify
 m - 4 scrolls of teleportation
 o - a scroll of enchant armour
Potions
 a - a potion of berserk rage {unknown}
 c - 3 potions of flight
 h - 3 potions of heal wounds {unknown}
 p - 2 potions of invisibility {unknown}
 q - 3 potions of cancellation {unknown}
 r - a potion of brilliance {unknown}
 t - 2 potions of lignification {unknown}
 v - 2 potions of curing {unknown}
 w - a potion of magic {unknown}
 x - a potion of resistance {unknown}
Comestibles
 b - 9 bread rations
 f - 4 meat rations
 g - a beef jerky
 n - 3 chunks of flesh


   Skills:
 + Level 5.1 Fighting
 * Level 7.8 Dodging
 + Level 1.0 Stealth
 * Level 8.6 Unarmed Combat


You had 8 spell levels left.
You didn't know any spells.

Dungeon Overview and Level Annotations

Branches:
Dungeon (7/15)             Temple (0/1) D:5

Altars:
Ashenzari
Dithmenos
Gozag
Trog
Xom
Zin

Shops:
D:6 :


Innate Abilities, Weirdness & Mutations

You are too large for most types of armour.
You have claws for hands.
Your metabolism is lightning-fast.
You like to eat raw meat.
You heal very quickly.
You are covered in fur (AC +1).
You have very tough skin (AC +2).


Message History

The killer bee poisons you!
You closely miss the killer bee.
The killer bee is severely wounded.
* * * LOW HITPOINT WARNING * * *
You feel sick. The killer bee closely misses you.
You barely miss the killer bee.
The killer bee is severely wounded.
* * * LOW HITPOINT WARNING * * *
You feel sick. The killer bee closely misses you.
You closely miss the killer bee.
The killer bee is severely wounded.
* * * LOW HITPOINT WARNING * * *
You feel sick. The killer bee closely misses you.
The killer bee barely misses you.
You are too berserk!
You miss the killer bee.
The killer bee is severely wounded.
* * * LOW HITPOINT WARNING * * *
You feel sick. The killer bee stings you!
You die...

**,,,,,,*,,,,,,,,,,,,,,,,*
,,,,,,..#..........,,,,,,*
,,,,,,..#.........=,,,,,,*
,,,,,,,.'$........,,,,,,,*
#########........,,,,,,,,*
...............######*****
...............#.<..#
............>.y#....#
.............yyy@...#
.........)....y##########
.#######+#####......#...#
.#,,,,,#.....'......#...#
.#,,,,,#.....#......#...#
.',,,,,#.....#......#...#
.#,,,,,#.....#......#...#
.#,,,,,#.....########...#
,*,,,,,#....)).....'....#


You could see 5 killer bees.

Vanquished Creatures
  Pikel (D:5)
  The ghost of lauthentik the Covered, an amateur HuFi (D:3)
  Grinder (D:3)
  A spriggan (D:7)
  An orc warrior (D:6)
  2 ice beasts
  3 centaurs
  A black bear (D:6)
  A phantom (D:3)
  Blork the orc (D:4)
  A big kobold (D:7)
  A giant frog (D:6)
  A wyvern skeleton (D:6)
  A scorpion (D:5)
  2 centaur skeletons
  6 crimson imps
  A jelly (D:6)
  2 giant frog skeletons (D:6)
  An orc priest (D:6)
  3 hounds
  3 orc wizards
  Jessica (D:2)
  An iguana (D:6)
  5 worker ants
  3 gnolls (D:6)
  5 adders
  An ooze (D:2)
  3 worms
  6 giant geckos
  20 orcs
  3 ball pythons
  5 bats
  6 giant cockroaches
  10 hobgoblins
  15 jackals
  6 quokkas
  2 giant gecko zombies
  10 giant newts
  10 goblins
  10 kobolds
  A quokka zombie (D:5)
  7 rats
  A plant (D:1)
166 creatures vanquished.

Vanquished Creatures (others)
  A crimson imp (D:5)
1 creature vanquished.

Grand Total: 167 creatures vanquished

Notes
Turn   | Place    | Note
--------------------------------------------------------------
     0 | D:1      | Jaden271 the Troll Berserker began the quest for the Orb.
     0 | D:1      | Reached XP level 1. HP: 22/22 MP: 0/0
   627 | D:1      | Reached XP level 2. HP: 29/29 MP: 1/1
  1076 | D:1      | Reached ** piety under Trog
  1182 | D:1      | Reached XP level 3. HP: 36/36 MP: 2/2
  1692 | D:2      | Noticed Jessica
  1705 | D:2      | Killed Jessica
  1707 | D:2      | Reached XP level 4. HP: 39/44 MP: 3/3
  2415 | D:3      | Noticed lauthentik's ghost (amateur HuFi)
  2438 | D:3      | Killed lauthentik's ghost
  2438 | D:3      | Reached skill level 4 in Dodging
  2438 | D:3      | Reached XP level 5. HP: 45/53 MP: 4/4
  2438 | D:3      | Reached XP level 6. HP: 51/61 MP: 5/5
  2568 | D:3      | Noticed a phantom
  2627 | D:3      | Killed a phantom
  2627 | D:3      | Reached skill level 5 in Unarmed Combat
  2689 | D:3      | Noticed Grinder
  2707 | D:3      | Paralysed by Grinder for 3 turns
  2712 | D:3      | HP: 3/91 [Grinder (5)]
  2716 | D:3      | Killed Grinder
  2716 | D:3      | Reached XP level 7. HP: 5/67 MP: 6/6
  2740 | D:3      | Reached *** piety under Trog
  2800 | D:3      | Found a bloodstained altar of Trog.
  2962 | D:3      | Found a shadowy altar of Dithmenos.
  3589 | D:4      | Found a glowing silver altar of Zin.
  4105 | D:4      | Reached skill level 5 in Dodging
  4112 | D:4      | Noticed Blork the orc
  4119 | D:4      | Killed Blork the orc
  4170 | D:4      | Found a shattered altar of Ashenzari.
  4190 | D:4      | Reached skill level 6 in Unarmed Combat
  4440 | D:5      | Entered Level 5 of the Dungeon
  4446 | D:5      | Found a staircase to the Ecumenical Temple.
  4502 | D:5      | Reached skill level 1 in Stealth
  4678 | D:5      | Found a shimmering altar of Xom.
  4694 | D:5      | Reached XP level 8. HP: 67/78 MP: 7/7
  4719 | D:5      | Noticed Pikel
  4745 | D:5      | Killed Pikel
  4745 | D:5      | Reached skill level 7 in Unarmed Combat
  4857 | D:5      | Reached **** piety under Trog
  5343 | D:6      | Found an opulent altar of Gozag.
  5556 | D:6      | Reached XP level 9. HP: 81/87 MP: 8/8
  5690 | D:6      | Reached skill level 8 in Unarmed Combat
  5756 | D:6      | Reached skill level 5 in Fighting
  5861 | D:6      | Found Ciedek's Book Boutique.
  6074 | D:7      | Identified a scroll of acquirement
  6347 | D:7      | HP: 4/88 [poisoned by a killer bee]
  6351 | D:7      | HP: 1/132 [poisoned by a killer bee]
  6352 | D:7      | Mangled by a killer bee

Action                   |  1- 3 |  4- 6 |  7- 9 || total
-------------------------+-------+-------+-------++-------
Melee: Unarmed           |   134 |    99 |   306 ||   539
Invok: Berserk           |     1 |     2 |     3 ||     6
       Trog's Hand       |     1 |     1 |     1 ||     3
       Burn Spellbooks   |       |       |     1 ||     1
  Use: Scroll            |     2 |       |    11 ||    13
       Potion            |       |       |     1 ||     1
  Eat: Chunk             |    16 |    16 |    35 ||    67
